SNL (28 & UNDER)
BLACKIRON DRAGONS @ KEY WEST BARRACUDAS
09/07/2023
 
TOP OF THE 1ST
BlackIron Dragons batting - Pitching for Key West Barracudas : RHP Wilson Flores
Pitching: RHP Wilson Flores
Batting: RHB Leroy Jamison 0-0: Ball
1-0: Fly out, F7 (Flyball, 78M)
Batting: RHB Robert Bly 0-0: Called Strike
0-1: Ball
1-1: Ball
2-1: Called Strike
2-2: Strikes out swinging
Batting: RHB Cole Ball 0-0: Ball
1-0: Ground out 5-3 (Groundball, 56)
Top of the 1st over - 0 run(s), 0 hit(s), 0 error(s), 0 left on base; BlackIron 0 - Key West 0
BOTTOM OF THE 1ST
Key West Barracudas batting - Pitching for BlackIron Dragons : RHP Juan Gutiérrez
Pitching: RHP Juan Gutiérrez
Batting: RHB Luis Pineda 0-0: Called Strike
0-1: Called Strike
0-2: Strikes out swinging
Batting: RHB Zander Tremblett 0-0: Ball
1-0: Fly out, F9 (Line Drive, 9D)
Batting: SHB Martín De Jesús 0-0: Ball
1-0: Ball
2-0: Ground out 2-3 (Groundball, 2L)
Bottom of the 1st over - 0 run(s), 0 hit(s), 0 error(s), 0 left on base; BlackIron 0 - Key West 0
TOP OF THE 2ND
BlackIron Dragons batting - Pitching for Key West Barracudas : RHP Wilson Flores
Batting: RHB Jonah Duncan 0-0: Ball
1-0: SINGLE (Line Drive, 7LS)
Batting: RHB Dallas Blair 0-0: Ball
1-0: Ball
2-0: Ball
3-0: Called Strike
3-1: Grounds into double play, U6-3 (Groundball, 6M)
Batting: RHB José Colón 0-0: Ball
1-0: Ball
2-0: Ball
3-0: Base on Balls
Batting: RHB Robert Buckley 0-0: Swinging Strike
0-1: Ball
1-1: Ground out 6-3 (Groundball, 6D)
Top of the 2nd over - 0 run(s), 1 hit(s), 0 error(s), 1 left on base; BlackIron 0 - Key West 0
BOTTOM OF THE 2ND
Key West Barracudas batting - Pitching for BlackIron Dragons : RHP Juan Gutiérrez
Batting: RHB Ramiro Gámez 0-0: Called Strike
0-1: Foul Ball, location: 2F
0-2: Ball
1-2: Foul Ball, location: 2F
1-2: Ball
2-2: Foul Ball, location: 2F
2-2: Ball
3-2: Base on Balls
Batting: RHB Luther Stoffels 0-0: SINGLE (Groundball, 56D)
Ramiro Gámez to second
Batting: LHB Jake Wells 0-0: Called Strike
0-1: Ball
1-1: Called Strike
1-2: Strikes out swinging
Batting: RHB Kenny Cole 0-0: Swinging Strike
0-1: Foul Ball, location: 2F
0-2: Foul Ball, location: 2F
0-2: Fly out, F6 (Popup, 8RS)
Batting: SHB Rodney Birling 0-0: Swinging Strike
0-1: Foul Ball, location: 2F
0-2: Strikes out looking
Bottom of the 2nd over - 0 run(s), 1 hit(s), 0 error(s), 2 left on base; BlackIron 0 - Key West 0
TOP OF THE 3RD
BlackIron Dragons batting - Pitching for Key West Barracudas : RHP Wilson Flores
Batting: RHB Phil Jacobs 0-0: Ball
1-0: Swinging Strike
1-1: Swinging Strike
1-2: Ball
2-2: Strikes out looking
Batting: RHB Joaquín Rosales 0-0: Swinging Strike
0-1: Foul Ball, location: 2F
0-2: Ball
1-2: Strikes out swinging
Batting: RHB Leroy Jamison 0-0: Ball
1-0: Called Strike
1-1: Ball
2-1: Ball
3-1: Base on Balls
Batting: RHB Robert Bly 0-0: Called Strike
0-1: Fly out, F6 (Popup, 6MD)
Top of the 3rd over - 0 run(s), 0 hit(s), 0 error(s), 1 left on base; BlackIron 0 - Key West 0
BOTTOM OF THE 3RD
Key West Barracudas batting - Pitching for BlackIron Dragons : RHP Juan Gutiérrez
Batting: RHB Dan Craft 0-0: Ground out 6-3 (Groundball, 56)
Batting: RHB Luis Pineda 0-0: Ball
1-0: Called Strike
1-1: Swinging Strike
1-2: Strikes out swinging
Batting: RHB Zander Tremblett 0-0: Ball
1-0: Called Strike
1-1: Ball
2-1: SINGLE (Line Drive, 9S)
Batting: SHB Martín De Jesús 0-0: Called Strike
0-1: Foul Ball, location: 2F
0-2: SINGLE (Groundball, 56D)
Zander Tremblett to second
Batting: RHB Ramiro Gámez 0-0: Called Strike
0-1: Ball
1-1: Foul Ball, location: 2F
1-2: Ball
2-2: Foul Ball, location: 2F
2-2: Ball
3-2: Fly out, F8 (Flyball, 8LM)
Bottom of the 3rd over - 0 run(s), 2 hit(s), 0 error(s), 2 left on base; BlackIron 0 - Key West 0
TOP OF THE 4TH
BlackIron Dragons batting - Pitching for Key West Barracudas : RHP Wilson Flores
Batting: RHB Cole Ball 0-0: Ball
1-0: Foul Ball, location: 2F
1-1: Ball
2-1: Ball
3-1: Base on Balls
Batting: RHB Jonah Duncan 0-0: Ball
Wild Pitch!
Cole Ball to second
1-0: Fly out, F6 (Popup, 6D)
Batting: RHB Dallas Blair 0-0: Ball
1-0: Ball
2-0: Ball
3-0: Called Strike
3-1: Base on Balls
Batting: RHB José Colón 0-0: Called Strike
0-1: Foul Ball, location: 2F
0-2: Foul Ball, location: 2F
0-2: Ball
1-2: Foul Ball, location: 2F
1-2: Grounds into double play, 5-4-3 (Groundball, 56)
Top of the 4th over - 0 run(s), 0 hit(s), 0 error(s), 1 left on base; BlackIron 0 - Key West 0
BOTTOM OF THE 4TH
Key West Barracudas batting - Pitching for BlackIron Dragons : RHP Juan Gutiérrez
Batting: RHB Luther Stoffels 0-0: Foul Ball, location: 2F
0-1: Ball
1-1: Ball
2-1: Foul Ball, location: 2F
2-2: Strikes out swinging
Batting: LHB Jake Wells 0-0: Ball
1-0: Foul Ball, location: 2F
1-1: Swinging Strike
1-2: Ball
2-2: Strikes out looking
Batting: RHB Kenny Cole 0-0: DOUBLE (Line Drive, 89XD)
Batting: SHB Rodney Birling 0-0: Called Strike
0-1: Foul Ball, location: 2F
0-2: Ball
1-2: Strikes out looking
Bottom of the 4th over - 0 run(s), 1 hit(s), 0 error(s), 1 left on base; BlackIron 0 - Key West 0
TOP OF THE 5TH
BlackIron Dragons batting - Pitching for Key West Barracudas : RHP Wilson Flores
Batting: RHB Robert Buckley 0-0: SINGLE (Groundball, 56D)
Batting: RHB Phil Jacobs 0-0: Called Strike
0-1: Ball
1-1: Foul Ball, location: 2F
1-2: Ball
2-2: Fly out, F8 (Flyball, 8LD)
Batting: RHB Joaquín Rosales 0-0: Fielders Choice at 2nd, 6-4 (Groundball, 6)
Batting: RHB Leroy Jamison 0-0: Ball
1-0: Ball
Wild Pitch!
Joaquín Rosales to second
2-0: Called Strike
2-1: Foul Ball, location: 2F
2-2: Strikes out swinging
Top of the 5th over - 0 run(s), 1 hit(s), 0 error(s), 1 left on base; BlackIron 0 - Key West 0
BOTTOM OF THE 5TH
Key West Barracudas batting - Pitching for BlackIron Dragons : RHP Juan Gutiérrez
Batting: RHB Dan Craft 0-0: Foul Ball, location: 2F
0-1: Called Strike
0-2: Fly out, F7 (Flyball, 7M)
Batting: RHB Luis Pineda 0-0: Called Strike
0-1: Foul Ball, location: 2F
0-2: Fly out, F9 (Flyball, 9D)
Batting: RHB Zander Tremblett 0-0: Foul Ball, location: 2F
0-1: Ball
1-1: Fly out, F4 (Popup, 4MD)
Bottom of the 5th over - 0 run(s), 0 hit(s), 0 error(s), 0 left on base; BlackIron 0 - Key West 0
TOP OF THE 6TH
BlackIron Dragons batting - Pitching for Key West Barracudas : RHP Wilson Flores
Batting: RHB Robert Bly 0-0: Fly out, F8 (Flyball, 8LM)
Batting: RHB Cole Ball 0-0: Ball
1-0: Ball
2-0: Foul Ball, location: 2F
2-1: Ball
3-1: Foul Ball, location: 2F
3-2: Base on Balls
Pitching: RHP Steven O'Brien
Batting: RHB Jonah Duncan 0-0: Ball
1-0: Ball
2-0: Called Strike
2-1: Fly out, F9 (Flyball, 89D)
Batting: RHB Dallas Blair 0-0: Foul Ball, location: 2F
0-1: Foul Ball, location: 2F
0-2: Ball
1-2: Ball
2-2: Foul Ball, location: 2F
2-2: Ball
3-2: Base on Balls
Cole Ball to second
Batting: RHB José Colón 0-0: Ball
1-0: Foul Ball, location: 2F
1-1: Called Strike
1-2: Foul Ball, location: 2F
1-2: Ball
2-2: Foul Ball, location: 2F
2-2: Strikes out looking
Top of the 6th over - 0 run(s), 0 hit(s), 0 error(s), 2 left on base; BlackIron 0 - Key West 0
BOTTOM OF THE 6TH
Key West Barracudas batting - Pitching for BlackIron Dragons : RHP Juan Gutiérrez
Batting: SHB Martín De Jesús 0-0: Called Strike
0-1: Foul Ball, location: 2F
0-2: Strikes out swinging
Batting: RHB Ramiro Gámez 0-0: Ball
1-0: Swinging Strike
1-1: Ball
2-1: Swinging Strike
2-2: Strikes out swinging
Batting: RHB Luther Stoffels 0-0: Ball
1-0: SINGLE (Line Drive, 56D)
Batting: LHB Jake Wells 0-0: Ball
1-0: DOUBLE (Line Drive, 78M)
Luther Stoffels to third
Runner from 3rd tries for Home, SAFE, no throw or cutoff
Batting: RHB Kenny Cole 0-0: Called Strike
0-1: Foul Ball, location: 2F
0-2: Strikes out looking
Bottom of the 6th over - 1 run(s), 2 hit(s), 0 error(s), 1 left on base; BlackIron 0 - Key West 1
TOP OF THE 7TH
BlackIron Dragons batting - Pitching for Key West Barracudas : RHP Steven O'Brien
Batting: RHB Robert Buckley 0-0: Ball
1-0: Called Strike
1-1: Ball
2-1: Swinging Strike
2-2: Ball
3-2: Base on Balls
Pinch Hitting: LHB Leonard Young 0-0: Called Strike
0-1: Ball
1-1: Ball
2-1: Ball
3-1: Sac Bunt - play at first, batter OUT! 1-4
Robert Buckley to second
Pitching: RHP Carlos Molina
Pinch Hitting: RHB Ed Sims 0-0: Called Strike
0-1: Foul Ball, location: 2F
0-2: Strikes out swinging
Pinch Hitting: LHB Aurelio Torrez 0-0: Ball
1-0: Hit by Pitch
Batting: RHB Robert Bly 0-0: Ball
1-0: Swinging Strike
1-1: Ball
2-1: Called Strike
2-2: Strikes out looking
Top of the 7th over - 0 run(s), 0 hit(s), 0 error(s), 2 left on base; BlackIron 0 - Key West 1
BOTTOM OF THE 7TH
Key West Barracudas batting - Pitching for BlackIron Dragons : RHP Juan Gutiérrez
Now at 2B: Ed Sims
Now in LF: Aurelio Torrez
Now in RF: Raúl Leal
Batting: SHB Rodney Birling 0-0: Ball
1-0: DOUBLE (Line Drive, 3L)
Pinch Hitting: LHB Arturo López 0-0: Intentional Walk
Batting: RHB Luis Pineda 0-0: Sac Bunt - play at third, runner safe!
Arturo López to second
Batting: RHB Zander Tremblett 0-0: Ball
1-0: Foul Ball, location: 2F
1-1: Swinging Strike
1-2: Ball
2-2: SINGLE (Line Drive, 4MD)
Rodney Birling scores
Arturo López to third
Luis Pineda to second
Pitching: RHP Jayson Simms
Batting: SHB Martín De Jesús 0-0: Ball
1-0: Called Strike
1-1: Ball
2-1: Ball
3-1: Base on Balls
Arturo López scores
Luis Pineda to third
Zander Tremblett to second
Pinch Hitting: LHB Víctor Acevedo 0-0: Ball
1-0: Ball
2-0: Ball
3-0: Base on Balls
Luis Pineda scores
Zander Tremblett to third
Martín De Jesús to second
Batting: RHB Luther Stoffels 0-0: Ball
1-0: Foul Ball, location: 2F
1-1: Foul Ball, location: 2F
1-2: Foul Ball, location: 2F
1-2: Ball
2-2: Strikes out swinging
Batting: LHB Jake Wells 0-0: Called Strike
0-1: Swinging Strike
0-2: Strikes out looking
Batting: RHB Kenny Cole 0-0: Ball
1-0: Called Strike
1-1: Ball
2-1: Swinging Strike
2-2: Strikes out swinging
Bottom of the 7th over - 3 run(s), 2 hit(s), 0 error(s), 3 left on base; BlackIron 0 - Key West 4
TOP OF THE 8TH
BlackIron Dragons batting - Pitching for Key West Barracudas : RHP Carlos Molina
Now at 2B: Richard Sanders
Now in RF: Víctor Acevedo
Batting: RHB Cole Ball 0-0: Ball
1-0: Ball
2-0: Fly out, F6 (Popup, 5D)
Batting: RHB Jonah Duncan 0-0: Ball
1-0: Called Strike
1-1: Called Strike
1-2: Foul Ball, location: 2F
1-2: Strikes out looking
Batting: RHB Dallas Blair 0-0: Ball
1-0: Ball
2-0: SINGLE (Flyball, 8RS)
Batting: RHB José Colón 0-0: Called Strike
0-1: Called Strike
0-2: Fly out, F8 (Flyball, 8LM)
Top of the 8th over - 0 run(s), 1 hit(s), 0 error(s), 1 left on base; BlackIron 0 - Key West 4
BOTTOM OF THE 8TH
Key West Barracudas batting - Pitching for BlackIron Dragons : RHP Jayson Simms
Batting: SHB Rodney Birling 0-0: Called Strike
0-1: Called Strike
0-2: SINGLE (Line Drive, 89M)
Batting: RHB Richard Sanders 0-0: Sac Bunt - play at first, batter OUT! 1-4
Rodney Birling to second
Batting: RHB Luis Pineda 0-0: SINGLE (Groundball, 6MD)
Rodney Birling to third
Runner from 3rd tries for Home, SAFE, throw made home
Luis Pineda to second
Batting: RHB Zander Tremblett 0-0: Called Strike
0-1: Foul Ball, location: 2F
0-2: Ball
1-2: Strikes out looking
Batting: SHB Martín De Jesús 0-0: Called Strike
0-1: Ball
1-1: Ball
2-1: Ground out 4-3 (Groundball, 4)
Bottom of the 8th over - 1 run(s), 2 hit(s), 0 error(s), 1 left on base; BlackIron 0 - Key West 5
TOP OF THE 9TH
BlackIron Dragons batting - Pitching for Key West Barracudas : RHP Carlos Molina
Batting: RHB Robert Buckley 0-0: Called Strike
0-1: Ball
1-1: Fly out, F4 (Popup, 4)
Batting: LHB Raúl Leal 0-0: Foul Ball, location: 2F
0-1: Ball
1-1: SINGLE (Groundball, 56D)
Batting: RHB Ed Sims 0-0: Called Strike
0-1: Ball
1-1: Foul Ball, location: 2F
1-2: Fly out, F4 (Popup, 34)
Batting: LHB Aurelio Torrez 0-0: Swinging Strike
0-1: Ball
Wild Pitch!
Raúl Leal to second
1-1: Swinging Strike
1-2: Ball
2-2: DOUBLE (Groundball, 5L)
Raúl Leal scores
Pitching: RHP Jim McClure
Batting: RHB Robert Bly 0-0: Ground out 6-3 (Groundball, 56)
Top of the 9th over - 1 run(s), 2 hit(s), 0 error(s), 1 left on base; BlackIron 1 - Key West 5
This league is powered by Out of the Park Baseball, the baseball management simulation game for PC, Mac and Linux
Wednesday, December 2nd, 2015 - OOTP Baseball 16.8 Build 38